 Dungeon Crawl Stone Soup version 0.26-a0-1033-gd598b01645 (webtiles) character file.

Game seed: 7665834376981827520

141162 robertstho the Thaumaturge (level 17, -1/131 HPs)
             Began as a Gnoll Ice Elementalist on Dec 1, 2020.
             Was a High Priest of Sif Muna.
             Shot with an arrow by a deep elf knight (4 damage)
             ... on level 1 of the Elven Halls on Dec 10, 2020.
             The game lasted 01:25:34 (37847 turns).

robertstho the Thaumaturge (GnIE)                  Turns: 37847, Time: 01:25:34

Health: -1/131     AC: 15    Str: 12    XL:     17   Next: 2%
Magic:  1/42       EV: 18    Int: 31    God:    Sif Muna [*****.]
Gold:   3031       SH:  0    Dex: 21    Spells: 19/40 levels left

rFire    + . .     SeeInvis .   g - +4 longbow "Qoclig" {venom, *Drain Int+4 Dex+5}
rCold    . . .     Faith    .   (shield currently unavailable)
rNeg     . . .     Spirit   .   U - +2 leather armour {rF+}
rPois    +         Reflect  .   f - +2 helmet
rElec    +         Harm     .   M - +2 cloak {rCorr}
rCorr    +         Rampage  .   q - +0 pair of gloves
Will     ++...                  o - +0 pair of boots
Stlth    ++++......             s - amulet of regeneration
HPRegen  0.71/turn              w - ring "Hufomul" {rElec Will+ MP+9 Int+4}
MPRegen  0.28/turn              W - ring of poison resistance

@: no potions, very slightly contaminated, very heavily drained
A: distributed training, fangs 1, strong nose
}: 1/15 runes: decaying
a: Channel Magic, Forget Spell, Divine Exegesis, Renounce Religion


You were on level 1 of the Elven Halls.
You worshipped Sif Muna.
Sif Muna was extremely pleased with you.
You visited 5 branches of the dungeon, and saw 26 of its levels.
You also visited: Bailey.

You collected 3308 gold pieces.
You spent 277 gold pieces at shops.

Inventory:

Hand Weapons
 b - a +2 war axe of freezing
 g - the +4 longbow "Qoclig" (weapon) {venom, *Drain Int+4 Dex+5}
   (You found it on level 4 of the Lair of Beasts)

   It poisons the ammo it fires.
   It affects your intelligence (+4).
   It affects your dexterity (+5).
   It causes draining when unequipped.
 J - the +1 trident of World Downfall {vorpal, rF+ Int+4}
   (You found it on level 6 of the Dungeon)

   It inflicts extra damage upon your enemies.
   It affects your intelligence (+4).
   It protects you from fire.
Missiles
 u - 2 throwing nets
 E - 231 arrows (quivered ammo)
Armour
 f - a +2 helmet (worn)
 o - a +0 pair of boots (worn)
 q - a +0 pair of gloves (worn)
 B - a +0 kite shield
 M - a +2 cloak of preservation (worn)
 U - a +2 leather armour of fire resistance (worn)
Jewellery
 l - an uncursed ring of fire
 s - an amulet of regeneration (around neck)
 w - the ring "Hufomul" (left hand) {rElec Will+ MP+9 Int+4}
   (You found it on level 10 of the Dungeon)

   [ring of magical power]

   It affects your intelligence (+4).
   It insulates you from electricity.
   It affects your willpower, your defense against some magical effects.
   It affects your magic capacity (+9).
 x - a +4 ring of evasion
 W - a ring of poison resistance (right hand)
Wands
 d - a wand of iceblast (10)
 I - a wand of digging (17)
 N - a wand of acid (10)
 R - a wand of disintegration (19)
Scrolls
 a - 2 scrolls of teleportation
 e - a scroll of acquirement {unknown}
 i - 3 scrolls of immolation
 j - 2 scrolls of fear
 n - 9 scrolls of remove curse
 p - 11 scrolls of enchant weapon
 y - a scroll of fog
 z - a scroll of blinking
 F - 3 scrolls of magic mapping
 Q - 2 scrolls of torment
 T - 2 scrolls of brand weapon
 V - a scroll of silence
 Z - a scroll of summoning
Potions
 c - 5 potions of berserk rage
 k - 2 potions of ambrosia
 m - 4 potions of haste
 r - 3 potions of invisibility
 A - a potion of mutation
 C - 2 potions of magic
 G - 7 potions of curing
 K - a potion of cancellation
 O - 4 potions of brilliance
 S - a potion of might
Miscellaneous
 h - a condenser vane
 t - a tin of tremorstones (2/2)
 P - a box of beasts


   Skills:
 + Level 11.2(6.9) Fighting
 + Level 11.2(6.9) Short Blades
 + Level 11.2(6.9) Long Blades
 + Level 11.2(6.9) Axes
 + Level 11.2(6.9) Maces & Flails
 + Level 11.2(6.9) Polearms
 + Level 11.2(6.9) Staves
 + Level 11.2(6.9) Slings
 + Level 11.2(6.9) Bows
 + Level 11.2(6.9) Crossbows
 + Level 11.2(6.9) Throwing
 + Level 11.2(6.9) Armour
 + Level 12.0(7.6) Dodging
 + Level 11.9(7.5) Stealth
 + Level 11.2(6.9) Shields
 + Level 11.2(6.9) Unarmed Combat
 + Level 12.1(7.7) Spellcasting
 + Level 9.5(5.4) Conjurations
 + Level 9.5(5.4) Hexes
 + Level 9.5(5.4) Summonings
 + Level 9.5(5.4) Necromancy
 + Level 9.5(5.4) Translocations
 + Level 9.5(5.4) Transmutations
 + Level 9.5(5.4) Fire Magic
 + Level 11.7(7.3) Ice Magic
 + Level 9.5(5.4) Air Magic
 + Level 9.5(5.4) Earth Magic
 + Level 9.5(5.4) Poison Magic
 + Level 12.1(7.7) Invocations
 + Level 11.2(6.9) Evocations


You had 19 spell levels left.
You knew the following spells:

 Your Spells              Type           Power        Failure   Level
a - Freeze                Ice            ####         1%          1
b - Frozen Ramparts       Ice            ######       1%          3
c - Ozocubu's Armour      Ice            ######..     1%          3
d - Hailstorm             Conj/Ice       ######..     3%          4
e - Summon Ice Beast      Ice/Summ       ######..     3%          4
f - Ozocubu's Refrigerat  Ice            ######....   36%         6

Your spell library contained the following spells:

 Spells                   Type           Power        Failure   Level
 Animate Skeleton         Necr           #####.       1%          1
 Apportation              Tloc           #####.       1%          1
 Beastly Appendage        Tmut           #####.       1%          1
 Corona                   Hex            #####..      1%          1
 Foxfire                  Conj/Fire      ####         1%          1
 Sandblast                Erth           #####.       1%          1
 Shock                    Conj/Air       ####         1%          1
 Sting                    Tmut/Pois      ####         1%          1
 Summon Small Mammal      Summ           ####         1%          1
 Blink                    Tloc           N/A          1%          2
 Ensorcelled Hibernation  Hex/Ice        ######       1%          2
 Passwall                 Tmut/Erth      #####...     1%          2
 Poisonous Vapours        Pois/Air       #####.       1%          2
 Slow                     Hex            #####...     1%          2
 Swiftness                Air            #####...     1%          2
 Wereblood                Tmut           #####...     1%          2
 Call Canine Familiar     Summ           #####...     1%          3
 Conjure Flame            Conj/Fire      #####...     1%          3
 Dazzling Flash           Conj/Hex       #####.       1%          3
 Gell's Gravitas          Tloc           #####.....   1%          3
 Ignite Poison            Fire/Tmut/Pois #####...     1%          3
 Inner Flame              Hex/Fire       #####...     1%          3
 Lesser Beckoning         Tloc           #####.....   1%          3
 Mephitic Cloud           Conj/Pois/Air  #####...     1%          3
 Portal Projectile        Hex/Tloc       #####.       1%          3
 Spider Form              Tmut/Pois      #####.....   1%          3
 Static Discharge         Conj/Air       #####...     1%          3
 Stone Arrow              Conj/Erth      #####.       1%          3
 Summon Guardian Golem    Hex/Summ       #####...     1%          3
 Teleport Other           Tloc           #####...     1%          3
 Tukima's Dance           Hex            #####...     1%          3
 Ice Form                 Ice/Tmut       ######..     3%          4
 Airstrike                Air            #####.....   5%          4
 Cause Fear               Hex            #####.....   5%          4
 Iskenderun's Mystic Bla  Conj/Tloc      #####...     5%          4
 Leda's Liquefaction      Hex/Erth       #####.....   5%          4
 Olgreb's Toxic Radiance  Pois           #####...     5%          4
 Passage of Golubria      Tloc           N/A          5%          4
 Petrify                  Tmut/Erth      #####...     5%          4
 Sticky Flame             Conj/Fire      #####...     5%          4
 Summon Lightning Spire   Summ/Air       #####...     5%          4
 Metabolic Englaciation   Hex/Ice        ######....   11%         5
 Alistair's Intoxication  Tmut/Pois      #####....    16%         5
 Blade Hands              Tmut           #####.....   16%         5
 Bolt of Magma            Conj/Fire/Erth #####.....   16%         5
 Borgnjor's Vile Clutch   Necr/Erth      #####.....   16%         5
 Fireball                 Conj/Fire      #####.....   16%         5
 Irradiate                Conj/Tmut      #####.....   16%         5
 Lee's Rapid Deconstruct  Erth           #####.....   16%         5
 Lightning Bolt           Conj/Air       #####.....   16%         5
 Summon Mana Viper        Hex/Summ       #####...     16%         5
 Simulacrum               Ice/Necr       ######....   50%         6
 Death Channel            Necr           #####.....   63%         6
 Dispersal                Tloc           #####.....   63%         6
 Hydra Form               Tmut           #####.....   63%         6
 Invisibility             Hex            #####...     63%         6
 Iron Shot                Conj/Erth      #####.....   63%         6
 Statue Form              Tmut/Erth      #####....    63%         6
 Dragon Form              Tmut           #####.....   99%         7
 Borgnjor's Revivificati  Necr           #####.....   100%        8
 Disjunction              Tloc           #####.....   100%        8
 Lehudib's Crystal Spear  Conj/Erth      #####.....   100%        8


Dungeon Overview and Level Annotations

Branches:
Dungeon (13/15)            Temple (0/1) D:4            Lair (6/6) D:11
  Swamp (4/4) Lair:3       Spider (0/4) Lair:3        Slime (0/5) Lair:6
    Orc (2/2) D:11            Elf (1/3) Orc:2        Bailey (visited)
 Vaults: D:13-14

Altars:
Ashenzari
Dithmenos
Gozag
Nemelex Xobeh
Okawaru
Qazlal
Ru
Sif Muna
Trog
Uskayaw
Vehumet
Xom
Yredelemnul
The Shining One
Jiyva

Shops:
Orc:2 *}[(

Annotations:
D:13 Kirke
Swamp:4 Roxanne


Innate Abilities, Weirdness & Mutations

Your experience applies equally to all skills.
You have very sharp teeth.
Your uncanny sense of smell can sniff out nearby items.


Message History

The deep elf knight wields a +0 shortbow.
The deep elf knight shoots an arrow.
The arrow misses you. The arrow hits your ice beast!
A deep elf knight comes into view. It is wielding a +0 short sword.
Unknown command.
Casting: Ozocubu's Refrigeration (dangerous; 36% risk of failure)
Confirm with . or Enter, or press ? or * to list all spells.
You miscast Ozocubu's Refrigeration.
You are encased in ice!
* * * LOW HITPOINT WARNING * * *
The deep elf knight shoots an arrow.
The arrow hits you!
* * * LOW HITPOINT WARNING * * *
The deep elf knight shoots an arrow.
The arrow hits you!
* * * LOW HITPOINT WARNING * * *
The deep elf knight casts a spell.
The deep elf knight seems to speed up.
You cannot drink potions in your current state!
You swap places.
The deep elf knight shoots an arrow.
The arrow closely misses your ice beast.
The arrow hits you.
You die...

*,*,*,,,,....##.#(#.#**####....##
,*,,,,,,,...^...#().##.........#*
,*,,**,,,.$...#####.....$.......*
,*,,**,,,.......#...##...........
*,*,**,,,.....#.#..##**####...##.
,**,**,,,.....#....# *,,,...
***,****,####.##)#.#### *,,.##.
,,,,* *,* #.*#......# *,,,..#
***** *,****,##@#.##.# *,,,..# *
**,,,**,#YY.....# *,,,,.#
*******,**#........##.# *,,,,,*
,,,,,,,*,..#.##..###*,#** *,,,,,,
*****,,*,>.#,*#..#...,,,****,,***
*,,,*,..*,*#.......*,,,,,,,,,*
**,,,*#*,**#.e......#****,,*,,
*,,,,,,** #.........,,,,,,***
******** #e.#.##.##***,,,,,,


You could see a deep elf knight (fast) and 2 friendly ice beasts.

Vanquished Creatures
  2 thorn hunters (Swamp:4)
  A deep elf demonologist (Elf:1)
  4 bunyips
  3 eleionomae
  Snorg (D:10)
  2 shambling mangroves (Swamp:4)
  19 hydras
  An ice dragon (Lair:5)
  9 alligators
  2 dancing weapons (Elf:1)
  2 centaur warriors
  14 death yaks
  An orc high priest (Orc:2)
  Urug (Lair:5)
  A deep elf knight (Elf:1)
  An unseen horror (shapeshifter) (Elf:1)
  4 goliath frogs
  An unseen horror (D:12)
  3 spriggan druids
  8 swamp dragons
  4 orc knights
  6 lindwurms
  Pikel (D:8)
  5 bog bodies
  19 deep elf magi (Elf:1)
  3 will-o-the-wisps
  An orc sorcerer (Orc:1)
  A cyclops (Orc:2)
  11 elephants
  2 black mambas
  Maurice (D:8)
  25 cane toads
  An ice statue (Lair:5)
  A gargoyle (D:11)
  A rime drake (Lair:4)
  4 komodo dragons
  3 polar bears
  4 trolls
  12 hornets
  A bloated husk (Swamp:1)
  9 tyrant leeches
  23 blink frogs
  16 spriggans
  40 yaks
  2 hogs (D:12)
  6 wyverns
  3 basilisks
  8 vampire mosquitoes
  12 swamp worms
  3 wargs
  14 water moccasins
  2 black bears (D:11)
  9 ice beasts
  4 sky beasts
  42 orc warriors
  7 swamp drakes
  15 ogres
  A phantom (D:10)
  2 necrophages (D:7)
  4 wolves (Lair:4)
  17 centaurs
  2 lemures (D:8)
  A big kobold (D:10)
  3 earth elementals (Elf:1)
  29 bullfrogs
  7 scorpions
  5 wights (D:11)
  2 howler monkeys (D:8)
  3 electric eels
  2 quasits
  4 jellies
  14 orc priests
  8 hounds
  14 orc wizards
  3 bullfrog skeletons
  3 centaur skeletons
  4 hell rats
  3 worker ants
  A nameless horror (D:12)
  A hound skeleton (D:11)
  10 adders
  A howler monkey skeleton (D:5)
  8 river rats (Lair:4)
  2 shadow imps
  4 white imps
  3 oozes
  An adder zombie (D:7)
  3 worms
  5 leopard geckos
  50 orcs
  2 bats
  10 giant cockroaches
  5 goblins
  7 hobgoblins
  2 iguanas
  6 jackals
  4 quokkas
  A ball python (D:1)
  6 frilled lizards
  15 kobolds
  A leopard gecko zombie (D:5)
  A quokka skeleton (D:7)
  A quokka zombie (D:8)
  12 rats
  15 briar patches (Swamp:4)
709 creatures vanquished.

Vanquished Creatures (collateral kills)
  An eleionoma (Swamp:2)
  2 hydras
  A catoblepas (Lair:3)
  A two-headed ogre (D:8)
  A lindwurm (D:10)
  2 orc knights (Bailey)
  3 elephants
  A black mamba (Lair:1)
  A cane toad (Lair:1)
  A rime drake (Lair:3)
  A polar bear (Lair:4)
  4 blink frogs
  Prince Ribbit (D:7)
  A wraith (D:12)
  3 spriggans (Lair:1)
  A wyvern (D:11)
  7 yaks
  3 ice beasts
  4 orc warriors
  A wolf (Lair:4)
  3 centaurs
  3 bullfrogs
  A wyvern zombie (D:11)
  A water moccasin zombie (D:6)
  A scorpion (Lair:3)
  4 wights (D:11)
  An electric eel (Lair:3)
  A howler monkey (D:6)
  A centaur zombie (D:6)
  An orc priest (D:11)
  3 hell rats
  3 river rats (Lair:4)
  A worm (Lair:3)
  3 orcs
67 creatures vanquished.

Vanquished Creatures (others)
  A swamp drake (Swamp:2)
  A briar patch (Swamp:4)
  2 foxfires (Swamp:1)
  44 fungi
  121 plants
169 creatures vanquished.

Grand Total: 945 creatures vanquished

Notes
Turn   | Place    | Note
-------+----------+-------------------------------------------
     0 | D:1      | robertstho the Gnoll Ice Elementalist began the quest for
                  | the Orb.
     0 | D:1      | Reached XP level 1. HP: 13/13 MP: 6/6
   153 | D:1      | Reached XP level 2. HP: 14/19 MP: 7/7
   850 | D:1      | Reached XP level 3. HP: 25/25 MP: 9/9
   908 | D:2      | Reached skill level 5 in Spellcasting
  1440 | D:2      | Found a shimmering altar of Xom.
  1449 | D:2      | Reached skill level 1 in Invocations
  1537 | D:2      | Reached skill level 1 in Fighting
  1537 | D:2      | Reached skill level 1 in Short Blades
  1537 | D:2      | Reached skill level 1 in Long Blades
  1537 | D:2      | Reached skill level 1 in Axes
  1537 | D:2      | Reached skill level 1 in Maces & Flails
  1537 | D:2      | Reached skill level 1 in Polearms
  1537 | D:2      | Reached skill level 1 in Staves
  1537 | D:2      | Reached skill level 1 in Slings
  1537 | D:2      | Reached skill level 1 in Bows
  1537 | D:2      | Reached skill level 1 in Crossbows
  1537 | D:2      | Reached skill level 1 in Throwing
  1537 | D:2      | Reached skill level 1 in Armour
  1537 | D:2      | Reached skill level 1 in Shields
  1537 | D:2      | Reached skill level 1 in Unarmed Combat
  1537 | D:2      | Reached skill level 1 in Evocations
  1537 | D:2      | Reached XP level 4. HP: 32/32 MP: 6/11
  1541 | D:2      | Learned a level 3 spell: Frozen Ramparts
  1545 | D:2      | Learned a level 3 spell: Ozocubu's Armour
  1550 | D:2      | Learned a level 4 spell: Hailstorm
  1610 | D:2      | Reached skill level 1 in Conjurations
  1610 | D:2      | Reached skill level 1 in Hexes
  1610 | D:2      | Reached skill level 1 in Summonings
  1610 | D:2      | Reached skill level 1 in Necromancy
  1610 | D:2      | Reached skill level 1 in Translocations
  1610 | D:2      | Reached skill level 1 in Transmutations
  1610 | D:2      | Reached skill level 1 in Fire Magic
  1610 | D:2      | Reached skill level 1 in Air Magic
  1610 | D:2      | Reached skill level 1 in Earth Magic
  1610 | D:2      | Reached skill level 1 in Poison Magic
  2114 | D:2      | Reached XP level 5. HP: 37/37 MP: 12/12
  2364 | D:3      | Found a sparkling altar of Nemelex Xobeh.
  2834 | D:3      | Found a radiant altar of Vehumet.
  3014 | D:3      | Found a shimmering blue altar of Sif Muna.
  3023 | D:3      | Became a worshipper of Sif Muna the Loreminder
  3551 | D:4      | Reached XP level 6. HP: 44/44 MP: 10/13
  3798 | D:4      | Found a staircase to the Ecumenical Temple.
  3873 | D:5      | Entered Level 5 of the Dungeon
  3889 | D:5      | Reached skill level 5 in Dodging
  3894 | D:5      | Learned a level 4 spell: Summon Ice Beast
  3896 | D:5      | Found a shadowy altar of Dithmenos.
  4133 | D:5      | Found a broken altar of Ashenzari.
  4422 | D:5      | Noticed a yak
  4424 | D:5      | Noticed a yak
  4425 | D:5      | Noticed a yak
  4428 | D:5      | Noticed a yak
  4429 | D:5      | Reached XP level 7. HP: 46/50 MP: 11/15
  4433 | D:5      | Killed a yak
  4433 | D:5      | Killed a yak
  4434 | D:5      | Reached skill level 5 in Stealth
  4442 | D:5      | Killed a yak
  4443 | D:5      | Reached XP level 8. HP: 18/57 MP: 10/16
  4446 | D:5      | Killed a yak
  5415 | D:6      | Found an iron altar of Okawaru.
  5747 | D:6      | Found an opulent altar of Gozag.
  5897 | D:6      | Reached * piety under Sif Muna
  6053 | D:6      | Got an ichor-stained trident
  6053 | D:6      | Identified the cursed +1 trident of World Downfall {vorpal,
                  | rF+ Int+4} (You found it on level 6 of the Dungeon)
  6349 | D:7      | Reached XP level 9. HP: 65/65 MP: 15/18
  6999 | D:7      | Noticed Prince Ribbit
  7008 | D:7      | Killed Prince Ribbit
  7412 | D:7      | Found a stormy altar of Qazlal.
  7533 | D:8      | Noticed Maurice
  7541 | D:8      | Noticed a two-headed ogre
  7549 | D:8      | Killed Maurice
  7549 | D:8      | Killed a two-headed ogre
  7550 | D:8      | Reached skill level 5 in Invocations
  7875 | D:8      | Noticed Pikel
  7891 | D:8      | Killed Pikel
  7892 | D:8      | Reached XP level 10. HP: 71/72 MP: 17/20
  8043 | D:8      | Found a glowing golden altar of the Shining One.
  8055 | D:8      | Reached skill level 5 in Fighting
  8055 | D:8      | Reached skill level 5 in Short Blades
  8055 | D:8      | Reached skill level 5 in Long Blades
  8055 | D:8      | Reached skill level 5 in Axes
  8055 | D:8      | Reached skill level 5 in Maces & Flails
  8055 | D:8      | Reached skill level 5 in Polearms
  8055 | D:8      | Reached skill level 5 in Staves
  8055 | D:8      | Reached skill level 5 in Slings
  8055 | D:8      | Reached skill level 5 in Bows
  8055 | D:8      | Reached skill level 5 in Crossbows
  8055 | D:8      | Reached skill level 5 in Throwing
  8055 | D:8      | Reached skill level 5 in Armour
  8055 | D:8      | Reached skill level 5 in Shields
  8055 | D:8      | Reached skill level 5 in Unarmed Combat
  8055 | D:8      | Reached skill level 5 in Evocations
  8229 | D:8      | Reached ** piety under Sif Muna
  8759 | D:8      | Found a basalt altar of Yredelemnul.
  8759 | D:8      | Found a faded altar of an unknown god.
  8764 | D:8      | Found a bloodstained altar of Trog.
  8766 | D:8      | Found a hide-covered altar of Uskayaw.
  8768 | D:8      | Found a faded altar of an unknown god.
  9330 | D:9      | Found a flagged portal.
  9456 | Bailey   | Entered a bailey
  9456 | Bailey   | Noticed an orc knight
  9586 | Bailey   | Noticed an orc knight
  9796 | Bailey   | Killed an orc knight
  9818 | Bailey   | Killed an orc knight
 10690 | D:10     | Entered Level 10 of the Dungeon
 11149 | D:10     | Noticed Snorg
 11158 | D:10     | Killed Snorg
 11159 | D:10     | Reached XP level 11. HP: 73/80 MP: 11/22
 11552 | D:10     | Reached skill level 5 in Conjurations
 11552 | D:10     | Reached skill level 5 in Hexes
 11552 | D:10     | Reached skill level 5 in Summonings
 11552 | D:10     | Reached skill level 5 in Necromancy
 11552 | D:10     | Reached skill level 5 in Translocations
 11552 | D:10     | Reached skill level 5 in Transmutations
 11552 | D:10     | Reached skill level 5 in Fire Magic
 11552 | D:10     | Reached skill level 5 in Air Magic
 11552 | D:10     | Reached skill level 5 in Earth Magic
 11552 | D:10     | Reached skill level 5 in Poison Magic
 11875 | D:10     | Reached *** piety under Sif Muna
 11938 | D:10     | Noticed a lindwurm
 11953 | D:10     | Noticed a lindwurm
 11968 | D:10     | Noticed a lindwurm
 11991 | D:10     | Noticed a lindwurm
 12003 | D:10     | Killed a lindwurm
 12006 | D:10     | Killed a lindwurm
 12014 | D:10     | Killed a lindwurm
 12018 | D:10     | Killed a lindwurm
 12033 | D:10     | Got a coiled jade ring
 12234 | D:10     | Identified the ring "Hufomul" {rElec MR+ MP+9 Int+4} (You
                  | found it on level 10 of the Dungeon)
 12834 | D:11     | Found a staircase to the Orcish Mines.
 12839 | D:11     | Found a staircase to the Lair.
 13764 | D:12     | Reached **** piety under Sif Muna
 14726 | D:12     | Killed an unseen horror
 15371 | D:12     | Reached XP level 12. HP: 89/89 MP: 22/24
 15652 | D:13     | Noticed Kirke
 15788 | D:13     | Noticed a centaur warrior
 15796 | D:13     | Killed a centaur warrior
 15853 | D:13     | Noticed a centaur warrior
 16149 | Lair:1   | Entered Level 1 of the Lair of Beasts
 16185 | Lair:1   | Noticed a four-headed hydra
 16194 | Lair:1   | Killed a four-headed hydra
 17253 | Lair:1   | Noticed a four-headed hydra
 17272 | Lair:1   | Killed a four-headed hydra
 17783 | Lair:1   | Reached ***** piety under Sif Muna
 18844 | Lair:2   | Identified Sif Muna's Papyrus of Confrontation (Sif Muna
                  | gifted it to you on level 2 of the Lair of Beasts)
 18844 | Lair:2   | Received a gift from Sif Muna
 19453 | Lair:3   | Found a staircase to the Swamp.
 20203 | Lair:3   | Reached XP level 13. HP: 98/98 MP: 26/26
 20216 | Lair:3   | Found a hole to the Spider Nest.
 21103 | Lair:4   | Upgraded the game from 0.26-a0-958-gf3041fb45f to
                  | 0.26-a0-1033-gd598b01645
 21242 | Lair:4   | Found a bloodstained altar of Trog.
 21245 | Lair:4   | Found a gate leading to a gauntlet.
 22336 | Lair:4   | Got a pitted longbow
 22336 | Lair:4   | Identified the +4 longbow "Qoclig" {venom, *Drain Int+4
                  | Dex+5} (You found it on level 4 of the Lair of Beasts)
 22576 | Lair:4   | Reached skill level 10 in Ice Magic
 23450 | Lair:5   | Received a gift from Sif Muna
 23796 | Lair:5   | Reached skill level 10 in Spellcasting
 24401 | Lair:5   | Noticed an ice dragon
 24412 | Lair:5   | Killed an ice dragon
 24796 | Lair:5   | Reached XP level 14. HP: 87/106 MP: 28/28
 25039 | Lair:5   | Reached skill level 10 in Dodging
 25581 | Lair:5   | Noticed Urug
 25589 | Lair:5   | Killed Urug
 25822 | Lair:6   | Entered Level 6 of the Lair of Beasts
 25850 | Lair:6   | Reached skill level 10 in Stealth
 25989 | Lair:6   | Reached skill level 10 in Invocations
 26796 | Lair:6   | Identified Sif Muna's Tome of Excruciating Cold (Sif Muna
                  | gifted it to you on level 6 of the Lair of Beasts)
 26796 | Lair:6   | Received a gift from Sif Muna
 27071 | Lair:6   | Learned a level 6 spell: Ozocubu's Refrigeration
 27153 | Lair:6   | Got a creamy pearl robe
 27314 | Lair:6   | Found a staircase to the Slime Pits.
 27315 | Lair:6   | Found a viscous altar of Jiyva.
 28204 | Lair:6   | Identified the +1 robe "Wipluoni" {Harm Will+ Dex-2} (You
                  | found it on level 6 of the Lair of Beasts)
 28500 | D:3      | Identified Sif Muna's Grimoire of Orientation
 28661 | Orc:1    | Entered Level 1 of the Orcish Mines
 29274 | Orc:1    | Reached XP level 15. HP: 115/115 MP: 14/29
 29479 | Orc:2    | Entered Level 2 of the Orcish Mines
 30260 | Orc:2    | Found a staircase to the Elven Halls.
 30331 | Orc:2    | Received a gift from Sif Muna
 31233 | Orc:2    | Found Byedgh's Gadget Shoppe.
 31233 | Orc:2    | Found Gurav's Antique Armour Boutique.
 31235 | Orc:2    | Found Lut Bei's Antique Weapon Shop.
 31237 | Orc:2    | Found Xiostiavas's General Store.
 31249 | Orc:2    | Bought a scroll of torment for 112 gold pieces
 31249 | Orc:2    | Bought a scroll of random uselessness for 15 gold pieces
 31249 | Orc:2    | Bought a potion of haste for 150 gold pieces
 31787 | Swamp:1  | Entered Level 1 of the Swamp
 31868 | Swamp:1  | Reached skill level 10 in Fighting
 31868 | Swamp:1  | Reached skill level 10 in Short Blades
 31868 | Swamp:1  | Reached skill level 10 in Long Blades
 31868 | Swamp:1  | Reached skill level 10 in Axes
 31868 | Swamp:1  | Reached skill level 10 in Maces & Flails
 31868 | Swamp:1  | Reached skill level 10 in Polearms
 31868 | Swamp:1  | Reached skill level 10 in Staves
 31868 | Swamp:1  | Reached skill level 10 in Slings
 31868 | Swamp:1  | Reached skill level 10 in Bows
 31868 | Swamp:1  | Reached skill level 10 in Crossbows
 31868 | Swamp:1  | Reached skill level 10 in Throwing
 31868 | Swamp:1  | Reached skill level 10 in Armour
 31868 | Swamp:1  | Reached skill level 10 in Shields
 31868 | Swamp:1  | Reached skill level 10 in Unarmed Combat
 31868 | Swamp:1  | Reached skill level 10 in Evocations
 33960 | Swamp:3  | Found a sacrificial altar of Ru.
 34250 | Swamp:3  | Received a gift from Sif Muna
 34801 | Swamp:4  | Entered Level 4 of the Swamp
 34805 | Swamp:4  | Reached XP level 16. HP: 123/123 MP: 21/31
 34808 | Swamp:4  | Noticed a thorn hunter
 35396 | Swamp:4  | Killed a thorn hunter
 35616 | Swamp:4  | Noticed a thorn hunter
 35621 | Swamp:4  | Killed a thorn hunter
 36616 | Swamp:4  | Noticed Roxanne
 36807 | Swamp:4  | Got a decaying rune of Zot
 37370 | Elf:1    | Entered Level 1 of the Elven Halls
 37411 | Elf:1    | Noticed a Tzitzimitl
 37412 | Elf:1    | Noticed a Tzitzimitl
 37454 | Elf:1    | Identified Poidion's Almanac of Companions
 37622 | Elf:1    | Identified Sif Muna's Grimoire of Doomed Lightness (Sif
                  | Muna gifted it to you on level 1 of the Elven Halls)
 37622 | Elf:1    | Received a gift from Sif Muna
 37623 | Elf:1    | Reached XP level 17. HP: 117/131 MP: 29/33
 37846 | Elf:1    | HP: 2/131 [deep elf knight/arrow (7)]
 37847 | Elf:1    | Shot with an arrow by a deep elf knight

Illustrated notes

Levels and vault maps discovered:
D:1:      minmay_arrival_cross, layout_basic, minmay_cut_off
D:2:      layout_basic, dk_xom_monty_hall
D:3:      layout_basic, old_standard_altar, vehumet_crystals, led_sif_book
D:4:      layout_basic, minmay_temple_entry_enclosed_plants
D:5:      layout_cave_pools, nicolae_ashenzari_panopticon, lemuel_crystal_altar
D:6:      layout_basic, okawaru_ov_weapons_minmay, nicolae_gozag_seed_capital
D:7:      layout_gridville, basic_altar, grunt_ministairs_14,
          uniq_prince_ribbit1
D:8:      layout_cave_pods, nicolae_overflow_hidden_temple,
          chequers_temple_overflow_minitemple, uniq_pikel, uniq_maurice
D:9:      layout_loops_corners, enter_bailey_2
D:10:     layout_irregular_city, minmay_lindwurm_lava, uniq_snorg
D:11:     layout_irregular_city, grunt_lair_entry_orc_guard_hut, orc_0_dummy,
          kennysheep_generic_room_3
D:12:     layout_stronghold
D:13:     layout_cave_pools, serial_shops, shop, chequers_big_river, uniq_kirke
Lair:1:   kb_forest_paths, layout_layer_cave
Lair:2:   layout_gridlike, columned_hall_lemuel
Lair:3:   layout_cave_pods, minmay_swamp_entry_eels,
          nicolae_spider_entry_non_spiders, serial_forest,
          infiniplex_forest_fountain, infiniplex_forest_lined_3,
          infiniplex_forest_clump_medium, infiniplex_forest_straight_4,
          infiniplex_forest_end_1, infiniplex_forest_end_2,
          infiniplex_forest_fountain, infiniplex_forest_lined_room_2,
          infiniplex_forest_zigzag_1, chequers_serial_rivers_micro_b
Lair:4:   layout_cave_pods, gauntlet_entry_generic, basic_altar,
          kennysheep_rathole, infiniplex_staircase_pool
Lair:5:   layout_cave_pods, ice2_lemuel, infiniplex_staircase_pool_2,
          grunt_megastairs_5, uniq_urug
Lair:6:   minmay_lair_end_frog_pond, layout_misc_corridors, slime_altar_1,
          serial_bayou_shore_b
Swamp:1:  layout_basic_swamp, nicolae_swamp_round_clearing
Swamp:2:  layout_basic_swamp, hangedman_swamp_ruin_wall, swamp_pool5
Swamp:3:  layout_basic_swamp, basic_altar
Swamp:4:  swamp_alternative, layout_basic_swamp, swamp_pool2, uniq_roxanne
Orc:1:    layout_diamond_mine
Orc:2:    st_orc_rangers, layout_caves
Elf:1:    elf_arrival_002, layout_loops_cross, infiniplex_enter_wizlab_glasses,
          minmay_elf_demonology

Skill      XL: |  1  2  3  4  5  6  7  8  9 10 11 12 13 14 15 16 |
---------------+-------------------------------------------------+-----
Spellcasting   | 5 6 7 8 9 10 11 12 | 12.1
Invocations    | 1 2 3 4 5 6 7 8 9 10 11 12 | 12.1
Fighting       | 1 2 3 4 5 6 7 8 9 10 11 | 11.2
Short Blades   | 1 2 3 4 5 6 7 8 9 10 11 | 11.2
Long Blades    | 1 2 3 4 5 6 7 8 9 10 11 | 11.2
Axes           | 1 2 3 4 5 6 7 8 9 10 11 | 11.2
Maces & Flails | 1 2 3 4 5 6 7 8 9 10 11 | 11.2
Polearms       | 1 2 3 4 5 6 7 8 9 10 11 | 11.2
Staves         | 1 2 3 4 5 6 7 8 9 10 11 | 11.2
Slings         | 1 2 3 4 5 6 7 8 9 10 11 | 11.2
Bows           | 1 2 3 4 5 6 7 8 9 10 11 | 11.2
Crossbows      | 1 2 3 4 5 6 7 8 9 10 11 | 11.2
Throwing       | 1 2 3 4 5 6 7 8 9 10 11 | 11.2
Armour         | 1 2 3 4 5 6 7 8 9 10 11 | 11.2
Shields        | 1 2 3 4 5 6 7 8 9 10 11 | 11.2
Unarmed Combat | 1 2 3 4 5 6 7 8 9 10 11 | 11.2
Evocations     | 1 2 3 4 5 6 7 8 9 10 11 | 11.2
Conjurations   | 1 2 3 4 5 6 7 8 9 |  9.5
Hexes          | 1 2 3 4 5 6 7 8 9 |  9.5
Summonings     | 1 2 3 4 5 6 7 8 9 |  9.5
Necromancy     | 1 2 3 4 5 6 7 8 9 |  9.5
Translocations | 1 2 3 4 5 6 7 8 9 |  9.5
Transmutations | 1 2 3 4 5 6 7 8 9 |  9.5
Fire Magic     | 1 2 3 4 5 6 7 8 9 |  9.5
Air Magic      | 1 2 3 4 5 6 7 8 9 |  9.5
Earth Magic    | 1 2 3 4 5 6 7 8 9 |  9.5
Poison Magic   | 1 2 3 4 5 6 7 8 9 |  9.5
Dodging        | 5 6 7 8 9 10 11 12 | 12.0
Stealth        | 5 6 7 8 9 10 11 | 11.9
Ice Magic      | 8 9 10 11 | 11.7

Action                   |  1- 3 |  4- 6 |  7- 9 | 10-12 | 13-15 | 16-18 || total
-------------------------+-------+-------+-------+-------+-------+-------++-------
Melee: Whip              |    46 |       |       |       |       |       ||    46
       Bite              |     6 |     7 |     9 |    36 |    14 |       ||    72
       Short sword       |    17 |    70 |    54 |       |       |       ||   141
       Punch             |     1 |       |     2 |     6 |     3 |       ||    12
       Trident           |       |       |    73 |   348 |   106 |       ||   527
 Fire: Shortbow          |       |       |    12 |   111 |       |       ||   123
       Longbow           |       |       |       |       |   642 |   126 ||   768
 Cast: Freeze            |    18 |     4 |     5 |     3 |     1 |       ||    31
       Frozen Ramparts   |       |    14 |    19 |    61 |    52 |       ||   146
       Hailstorm         |       |     2 |     2 |    14 |    29 |       ||    47
       Summon Ice Beast  |       |     1 |    16 |    72 |    29 |     8 ||   126
       Ozocubu's Armour  |       |       |       |     1 |       |       ||     1
       Ozocubu's Refrige |       |       |       |       |   170 |   101 ||   271
Invok: Channel Magic     |       |       |     1 |       |     6 |     7 ||    14
Evoke: Wand              |       |       |       |       |     2 |     8 ||    10
  Use: Scroll            |       |     7 |     2 |     9 |    10 |     9 ||    37
       Potion            |       |       |       |     3 |     6 |       ||     9
 Stab: Sleeping          |     8 |    10 |     5 |    13 |     1 |       ||    37
       Distracted        |       |       |       |     2 |       |       ||     2
Armor: Robe              |     8 |     8 |     7 |    28 |       |       ||    51
       Leather armour    |       |       |       |    86 |   129 |    18 ||   233
Dodge: Dodged            |    45 |    65 |   141 |   369 |   450 |    67 ||  1137
Block: Kite shield       |       |       |       |    79 |    47 |       ||   126

Table legend: (Time is in decaauts)
 A = Elapsed time spent in this place.
 B = Non-inter-level travel time spent in this place.
 C = Inter-level travel time spent in this place.
 D = Time resting spent in this place.
 E = Time spent auto-exploring this place.
 F = Levels seen in this place.
 G = Mean time per level.
                   A        B        C        D        E       F      G
               +--------+--------+--------+--------+--------+-----+--------+
         Total |  38259 |  36435 |   1824 |   4759 |  25982 |  27 | 1417.0 |
       Dungeon |  15660 |  14736 |    924 |   1590 |  10799 |  13 | 1204.6 |
          Lair |  12451 |  11986 |    465 |    959 |   9128 |   6 | 2075.2 |
         Swamp |   5670 |   5494 |    176 |   1498 |   3351 |   4 | 1417.5 |
  Orcish Mines |   3123 |   2883 |    240 |    380 |   2086 |   2 | 1561.5 |
   Elven Halls |    486 |    469 |     17 |     70 |    177 |   1 |  486.0 |
        Bailey |    866 |    866 |      0 |    262 |    441 |   1 |  866.0 |
               +--------+--------+--------+--------+--------+-----+--------+

Top non-repeatable levels by time:
  Lair:6: 2498 daAuts
  Lair:5: 2495 daAuts
    D:12: 2303 daAuts
  Lair:4: 2303 daAuts
  Lair:1: 2060 daAuts
  Lair:3: 1742 daAuts
 Swamp:3: 1686 daAuts
   Orc:2: 1653 daAuts
 Swamp:4: 1620 daAuts
    D:10: 1603 daAuts
    D:11: 1553 daAuts
     D:8: 1491 daAuts
   Orc:1: 1469 daAuts
     D:2: 1416 daAuts
 Swamp:1: 1392 daAuts
